 Dungeon Crawl Stone Soup version 0.31-a0-978-g1e143483b6 (webtiles) character file.

Game seed: 9335746616850158793

104 pokeman the Magician (level 4, -1/25 HPs)
             Began as a Deep Elf Hedge Wizard on Oct 30, 2023.
             Slain by a gnoll
             ... wielding a +0 spear
              (5 damage)
             ... on level 3 of the Dungeon.
             The game lasted 00:02:55 (2449 turns).

pokeman the Magician (Deep Elf Hedge Wizard)        Turns: 2449, Time: 00:02:56

Health: -1/25      AC:  2    Str:  7    XL:     4   Next: 52%
Magic:  1/13       EV: 12    Int: 21    God:
Gold:   143        SH:  0    Dex: 14    Spells: 6/14 levels left

rFire   . . .        a - +0 dagger
rCold   . . .        (no shield)
rNeg    . . .        b - +0 robe
rPois   .            c - +0 hat
rElec   .            (no cloak)
rCorr   .            (no gloves)
SInv    .            (no boots)
Will    .....        (no amulet)
Stlth   ++           (no ring)
HPRegen 0.24/turn    (no ring)
MPRegen 0.13/turn

%: no passive effects
@: no status effects
A: no striking features
a: no special abilities


You were on level 3 of the Dungeon.
You visited 1 branch of the dungeon, and saw 3 of its levels.

You collected 143 gold pieces.

Inventory:

Hand Weapons
 a - a +0 dagger (weapon)
Armour
 b - a +0 robe (worn)
 c - a +0 hat (worn)
Scrolls
 e - 2 scrolls of fear {unknown}
 f - a scroll of fog {unknown}
 i - a scroll of identify {unknown}
 j - a scroll of silence {unknown}
 k - a scroll of poison {unknown}
 l - a scroll of teleportation {unknown}
Potions
 d - 2 potions of magic
 g - a potion of might {unknown}
 h - 2 potions of experience {unknown}


   Skills:
 - Level 1.0 Fighting
 - Level 1.0 Armour
 + Level 2.8 Dodging
 + Level 2.7 Stealth
 * Level 5.7 Spellcasting
 + Level 2.2 Conjurations
 - Level 1.1 Summonings
 - Level 1.1 Translocations


You had 6 spell levels left.
You knew the following spells:

 Your Spells              Type           Power      Damage    Failure   Level
a - Magic Dart            Conj           60%        1d6       4%          1
b - Mephitic Cloud        Conj/Pois/Air  9%         N/A       22%         3
c - Call Imp              Summ           20%        N/A       10%         2
d - Blink                 Tloc           20%        N/A       10%         2

Your spell library contained the following spells:

 Spells                   Type           Power      Damage    Failure   Level
 Slow                     Hex            24%        N/A       10%         1
 Lesser Beckoning         Tloc           20%        N/A       10%         2
 Cigotuvi's Dreadful Rot  Necr/Pois/Air  12%        N/A       16%         2
 Gell's Gravitas          Tloc           10%        N/A       19%         3
 Teleport Other           Tloc           10%        N/A       19%         3
 Confusing Touch          Hex            6%         N/A       30%         3
 Sigil of Binding         Hex            6%         N/A       30%         3
 Vampiric Draining        Necr           6%         2d6       30%         3


Dungeon Overview and Level Annotations

Branches:
Dungeon (3/15)

Altars:
Zin


Message History

A gnoll comes into view. It is wielding a +0 spear.
You see here a +0 halberd.
Casting: Mephitic Cloud (extremely dangerous; 22% risk of failure)
Confirm with . or Enter, or press ? or * to list all spells.
Aiming: Magic Dart (safe; 4% risk of failure)
Press: ? - help, Shift-Dir - straight line, f - gnoll
Aim: a gnoll, wielding a +0 spear (100% to hit)
The magic dart hits the gnoll but does no damage.
An endoplasm comes into view.
Unknown command.
Casting: Magic Dart (safe; 4% risk of failure)
Confirm with . or Enter, or press ? or * to list all spells.
Aiming: Magic Dart (safe; 4% risk of failure)
Press: ? - help, Shift-Dir - straight line, f/p - gnoll
Aim: a gnoll, wielding a +0 spear (100% to hit)
The magic dart hits the gnoll but does no damage.
Unknown command.
You hit the endoplasm.
The endoplasm is heavily wounded.
The endoplasm freezes you.
You are frozen.
You hit the endoplasm.
You kill the endoplasm!
The gnoll hits the gnoll with a +0 spear.
Your magical contamination has completely faded away.
Casting: Magic Dart (safe; 4% risk of failure)
Confirm with . or Enter, or press ? or * to list all spells.
You don't have enough magic to cast this spell.
Unknown command.
There is an open door here.
An endoplasm and a ball python come into view.
A hobgoblin comes into view.
The gnoll attacks as it pursues you!
The gnoll hits you from afar with a +0 spear.
* * * LOW HITPOINT WARNING * * *
The hobgoblin moves out of view.
The ball python hisses angrily.
The gnoll attacks as it pursues you!
The gnoll hits you from afar with a +0 spear.
You die...

#...# #...# #...#
.########...######
.......).........# #
...........###...# .#
.................###.#
.......#...###.......#
.......#...# #.@.....#
.....#.#.#.# #.......#
.....#.#.#.#
#gJ.....#. ....
#.#.#.###....S(...
....
#.#.#.##..........
#.#.#.##g#'#......
..#...##.#.#......
...#. ....#)#.#...#
...#.#.#...#


You could see a gnoll, an endoplasm, a hobgoblin and a ball python.

Vanquished Creatures
  A gnoll (D:3)
  4 adders (D:2)
  2 worms (D:2)
  A dart slug (D:2)
  An orc (D:3)
  4 ball pythons
  2 endoplasms
  3 giant cockroaches (D:1)
  4 goblins
  6 hobgoblins
  4 quokkas
  6 bats
  5 frilled lizards
  2 kobolds
  5 rats
50 creatures vanquished.

Notes
Turn   | Place    | Note
-------+----------+-------------------------------------------
     0 | D:1      | pokeman the Deep Elf Hedge Wizard began the quest for the
                  | Orb.
     0 | D:1      | Reached XP level 1. HP: 10/10 MP: 7/7
   382 | D:1      | Reached XP level 2. HP: 15/15 MP: 6/9
  1192 | D:1      | Reached skill level 5 in Spellcasting
  1456 | D:2      | Reached XP level 3. HP: 9/20 MP: 11/11
  1461 | D:2      | Learned a level 3 spell: Mephitic Cloud
  1464 | D:2      | Learned a level 2 spell: Call Imp
  1467 | D:2      | Learned a level 2 spell: Blink
  1686 | D:2      | Reached skill level 1 in Fighting
  1749 | D:2      | Reached skill level 1 in Armour
  1896 | D:2      | Reached XP level 4. HP: 25/25 MP: 7/13
  1967 | D:2      | Found a glowing silver altar of Zin.
  2245 | D:3      | Found a faded altar of an unknown god.
  2449 | D:3      | Slain by a gnoll

Illustrated notes

Levels and vault maps discovered:
D:1:      tarquinn_simple_flora_water_e, layout_basic, bh_walls_and_bars
D:2:      layout_rooms, basic_altar
D:3:      layout_basic, hellmonk_ecumenical_altar_arch_garden,
          serial_co_window_serial, co_window_paths_a, co_window_paths_b,
          co_window_paths_a, co_window_paths_a, co_window_paths_b,
          co_window_paths_a, co_window_paths_a, co_window_paths_a,
          co_window_paths_b, co_window_2corner, co_window_paths_c,
          co_window_corner_b, co_window_cross_2, co_window_broadway_a,
          co_window_corner_cb, co_window_of_opportunity_b, glass_columns_a,
          glass_columns_a, glass_columns_a, kennysheep_nondescript

Skill      XL: |  1  2  3 |
---------------+----------+-----
Spellcasting   | 5 |  5.7
Fighting       | 1 |  1.0
Armour         | 1 |  1.0
Conjurations   | 2 |  2.2
Dodging        | |  2.8
Stealth        | |  2.7
Summonings     | |  1.1
Translocations | |  1.1

Action                     |  1- 3 |  4- 6 || total
---------------------------+-------+-------++-------
  Melee: Dagger            |     5 |     7 ||    12
   Cast: Magic Dart        |    94 |    36 ||   130
         Call Imp          |     1 |     1 ||     2
         Mephitic Cloud    |       |     1 ||     1
   Stab: Sleeping          |     2 |       ||     2
 Armour: Robe              |    15 |     8 ||    23
  Dodge: Dodged            |    11 |     4 ||    15

Table legend: (Time is in decaauts)
 A = Elapsed time spent in this place.
 B = Non-inter-level travel time spent in this place.
 C = Inter-level travel time spent in this place.
 D = Time resting spent in this place.
 E = Time spent auto-exploring this place.
 F = Levels seen in this place.
 G = Mean time per level.
                   A        B        C        D        E       F      G
               +--------+--------+--------+--------+--------+-----+--------+
         Total |   2448 |   2444 |      4 |      0 |   2170 |   3 |  816.0 |
       Dungeon |   2448 |   2444 |      4 |      0 |   2170 |   3 |  816.0 |
               +--------+--------+--------+--------+--------+-----+--------+

Top non-repeatable levels by time:
     D:1: 1450 daAuts
     D:2: 794 daAuts
     D:3: 203 daAuts
